 Dungeon Crawl Stone Soup version 0.29.1-15-g9cfb28693d (webtiles) character file.

Game seed: 12594590677489200670

1710 BuddhaDhamma the Cleaver (level 8, 0/64 HPs)
             Began as a Minotaur Berserker on Mar 7, 2023.
             Was an Elder of Trog.
             Slain by an orc warrior
             ... wielding a +1 long sword of freezing
              (1 damage)
             ... on level 7 of the Dungeon.
             The game lasted 00:10:44 (5343 turns).

BuddhaDhamma the Cleaver (Minotaur Berserker)       Turns: 5343, Time: 00:10:44

Health: 0/64       AC: 13    Str: 23    XL:     8   Next: 74%
Magic:  7/7        EV: 11    Int:  4    God:    Trog [****..]
Gold:   312        SH:  0    Dex: 11    Spells: 7/7 levels left

rFire   . . .      SeeInvis .   q - +0 war axe
rCold   + . .      Faith    .   (no shield)
rNeg    + . .      Spirit   .   j - +5 ring mail of the Equinox {-Tele rC+ rN+}
rPois   .          Reflect  .   t - +0 hat
rElec   .          Harm     .   k - +2 cloak
rCorr   .          Rampage  .   (no gloves)
Will    .....      NoTele   +   (no boots)
Stlth   +.........              (no amulet)
HPRegen 0.20/turn               r - ring of flight
MPRegen 0.10/turn               (no ring)

@: on berserk cooldown, flying, slowed, very slow
A: horns 2, retaliatory headbutt
a: Renounce Religion, Berserk, Trog's Hand, Brothers in Arms


You were on level 7 of the Dungeon.
You worshipped Trog.
Trog was greatly pleased with you.
You visited 1 branch of the dungeon, and saw 7 of its levels.

You collected 312 gold pieces.

Inventory:

Hand Weapons
 q - a +0 war axe (weapon)
Armour
 g - a +0 plate armour
 j - the +5 ring mail of the Equinox (worn) {-Tele rC+ rN+}
   (You found it on level 4 of the Dungeon)

   rC:        It protects you from cold.
   rN:        It protects you from negative energy.
   -Tele:     It prevents most forms of teleportation.
 k - a +2 cloak (worn)
 t - a +0 hat (worn)
Jewellery
 a - a ring of fire
 r - a ring of flight (left hand)
Wands
 i - a wand of flame (9)
 l - a wand of iceblast (6)
 m - a wand of mindburst (16)
Scrolls
 c - 2 scrolls of identify
 d - 3 scrolls of enchant weapon
 n - a scroll of fear
 p - a scroll of teleportation
Potions
 b - 2 potions of heal wounds
 e - 2 potions of lignification
 f - 2 potions of flight
 h - 2 potions of degeneration
 o - 2 potions of mutation
 s - a potion of invisibility


   Skills:
 - Level 3.6 Fighting
 + Level 13.7 Axes
 - Level 2.4 Armour
 - Level 2.1 Dodging


You had 7 spell levels left.
You didn't know any spells.
Your spell library was empty.

Dungeon Overview and Level Annotations

Branches:
Dungeon (7/15)             Temple (0/1) D:5

Altars:
Qazlal
Sif Muna
Zin

Shops:
D:2 (   D:4 :


Innate Abilities, Weirdness & Mutations

You have a pair of horns on your head.
You reflexively headbutt those who attack you in melee.


Message History

Things that are here:
a +0 morningstar; a +0 leather armour; a +0 hand axe You slash the orc!
You kill the orc!
Trog accepts your kill.
You barely miss something. Something hits you but does no damage.
Deactivating autopickup; reactivate with Ctrl-A.
You see here a +0 dagger.
An orc comes into view. It is wielding a +0 club.
You feel a strong urge to attack something.
The sentinel's mark upon you fades away.
The orc priest barely misses you. You furiously retaliate!
You headbutt the orc priest. You slice the orc priest!!
You kill the orc priest!
Trog accepts your kill.
You are no longer berserk.
You are exhausted.
You feel yourself slow down.
Things that are here:
a +0 mace; a +0 leather armour; an orc corpse You hit the orc warrior.
Your headbutt misses the orc warrior.
The orc warrior is lightly wounded.
The orc warrior hits you with a +1 long sword of freezing.
You completely miss the orc warrior.
The orc warrior is lightly wounded.
You miss something.
The orc priest calls down the wrath of Beogh upon you.
Beogh smites you!
* * * LOW HITPOINT WARNING * * *
Something hits you.
* * * LOW HITPOINT WARNING * * *
Something shocks you.
* * * LOW HITPOINT WARNING * * *
The orc warrior misses you. You furiously retaliate!
You headbutt the orc warrior, but do no damage.
The orc warrior hits you with a +1 long sword of freezing.
* * * LOW HITPOINT WARNING * * *
The orc warrior freezes you.
You die...

########
########......#
.......'......+
##########......#
#<.))))...oo#####
###########o# #@#
+## #.# ..?# #)#
....#
#)####...~.#
#)>.†.......
+..).)..~....
######.....##
.....# ......#


You could see an orc warrior, an orc priest and an orc.

Vanquished Creatures
  Eustachio (D:5)
  An ice beast (D:6)
  An orc warrior (D:7)
  A black bear (D:6)
  A sky beast (D:7)
  A phantom (D:6)
  2 scorpions
  4 wights (D:7)
  3 hounds
  2 orc priests (D:7)
  A jelly (D:6)
  5 iguanas
  Crazy Yiuf (D:2)
  Terence (D:2)
  Natasha (thrice) (D:2)
  5 orc wizards
  5 gnolls
  9 adders
  A white imp (D:5)
  A worm (D:5)
  4 dart slugs
  18 orcs
  12 bats
  5 endoplasms
  5 giant cockroaches
  6 goblins
  8 hobgoblins
  4 jackals (D:3)
  2 quokkas
  11 ball pythons
  8 frilled lizards
  5 kobolds
  4 rats
141 creatures vanquished.

Vanquished Creatures (others)
  4 fungi (D:2)
4 creatures vanquished.

Grand Total: 145 creatures vanquished

Notes
Turn   | Place    | Note
-------+----------+-------------------------------------------
     0 | D:1      | BuddhaDhamma the Minotaur Berserker began the quest for the
                  | Orb.
     0 | D:1      | Reached XP level 1. HP: 19/19 MP: 0/0
    49 | D:1      | Reached skill level 4 in Axes
   175 | D:1      | Reached XP level 2. HP: 22/26 MP: 1/1
   548 | D:1      | Reached skill level 5 in Axes
   548 | D:1      | Reached XP level 3. HP: 28/31 MP: 2/2
  1027 | D:2      | Noticed Natasha
  1031 | D:2      | Reached ** piety under Trog
  1033 | D:2      | Killed Natasha
  1143 | D:2      | Reached skill level 6 in Axes
  1143 | D:2      | Reached XP level 4. HP: 39/39 MP: 3/3
  1158 | D:2      | Noticed Terence
  1166 | D:2      | Killed Terence
  1220 | D:2      | Noticed Natasha
  1226 | D:2      | Killed Natasha
  1329 | D:2      | Reached XP level 5. HP: 44/45 MP: 4/4
  1339 | D:2      | Reached skill level 7 in Axes
  1654 | D:2      | Noticed Natasha
  1658 | D:2      | Killed Natasha
  1752 | D:2      | Found a runed translucent door.
  1753 | D:2      | Noticed Crazy Yiuf
  1812 | D:2      | Found Kuergh's Antique Weapon Boutique.
  1823 | D:2      | You fall into a shaft and drop 2 floors!
  1924 | D:4      | Reached skill level 8 in Axes
  2251 | D:4      | Found Xecehe's Book Shop.
  2264 | D:3      | Reached XP level 6. HP: 49/51 MP: 5/5
  2289 | D:3      | Reached *** piety under Trog
  2525 | D:2      | Killed Crazy Yiuf
  3065 | D:3      | Found a shimmering blue altar of Sif Muna.
  3184 | D:4      | Reached skill level 9 in Axes
  3205 | D:4      | Identified the +5 ring mail of the Equinox {-Tele rC+ rN+}
  3538 | D:5      | Entered Level 5 of the Dungeon
  3553 | D:5      | Noticed Eustachio
  3570 | D:5      | Killed Eustachio
  3571 | D:5      | Reached skill level 10 in Axes
  3571 | D:5      | Reached XP level 7. HP: 57/57 MP: 6/6
  3746 | D:5      | Found a staircase to the Ecumenical Temple.
  3856 | D:5      | Found a stormy altar of Qazlal.
  4454 | D:6      | Reached skill level 11 in Axes
  4538 | D:6      | Reached **** piety under Trog
  4584 | D:6      | Reached XP level 8. HP: 57/64 MP: 7/7
  4628 | D:6      | Found a glowing silver altar of Zin.
  4717 | D:6      | Reached skill level 12 in Axes
  5324 | D:7      | Reached skill level 13 in Axes
  5343 | D:7      | HP: 1/64 [orc warrior/+1 long sword of freezing (5)]
  5343 | D:7      | Slain by an orc warrior

Illustrated notes

Levels and vault maps discovered:
D:1:      psy_arrival_whirlpool, layout_loops_ring
D:2:      minmay_diamond_boxcup, layout_loops_ring, serial_shops, shop,
          uniq_natasha, uniq_crazy_yiuf_cottage, uniq_terence
D:3:      layout_basic, old_standard_altar, corexii_corridor_pit,
          kennysheep_generic_room_13
D:4:      layout_rooms, serial_shops, shop, dk_noncrumbling_3
D:5:      layout_gridville, lemuel_crystal_altar, minmay_temple_entry_wispy,
          uniq_eustachio
D:6:      layout_loops_ring, zin_statuary
D:7:      layout_basic, lemuel_tele_altar, mainiacjoe_overflow_alcove_4,
          kennysheep_pointless_box

Skill      XL: |  1  2  3  4  5  6  7  8 |
---------------+-------------------------+-----
Axes           | 4 5 6 8 10 11 13 | 13.7
Fighting       | |  3.6
Armour         | |  2.4
Dodging        | |  2.1

Action                   |  1- 3 |  4- 6 |  7- 9 || total
-------------------------+-------+-------+-------++-------
Melee: Hand axe          |    62 |   177 |    61 ||   300
       Headbutt          |    10 |    22 |    27 ||    59
       Punch             |       |     1 |     1 ||     2
       War axe           |       |       |    59 ||    59
Invok: Berserk           |       |     3 |     2 ||     5
  Use: Scroll            |       |    10 |     4 ||    14
 Stab: Sleeping          |     1 |       |       ||     1
Armor: Animal skin       |     8 |       |       ||     8
       Plate armour      |    18 |    79 |       ||    97
       Ring mail         |       |    17 |    63 ||    80
Dodge: Dodged            |    34 |    67 |    59 ||   160
